 Dungeon Crawl Stone Soup version 0.21-a0-128-gf2b353c (webtiles) character file.

10388 4thArraOfDagon the Carver (level 11, -2/67 (69) HPs)
             Began as an Octopode Abyssal Knight on July 16, 2017.
             Was a Priest of Lugonu.
             Slain by a vampire mosquito (10 damage)
             ... on level 14 of the Dungeon.
             The game lasted 00:22:52 (6615 turns).

4thArraOfDagon the Carver (Octopode Abyssal Knight) Turns: 6615, Time: 00:22:53

HP:   -2/67 (69)    AC:  3    Str: 14    XL:     11   Next: 61%
MP:   10/17         EV: 17    Int: 17    God:    Lugonu [***...]
Gold: 337           SH:  0    Dex: 12    Spells: 10/10 levels left

rFire    . . .     SeeInvis .   d - +5 triple sword (freeze)
rCold    . . .     Gourm    .   (shield currently unavailable)
rNeg     . . .     Faith    .   (helmet restricted)
rPois    +         Spirit   .   (no amulet)
rElec    .         Reflect  .   s - ring of poison resistance
rCorr    .         Harm     .   E - ring of wizardry
MR       .....                  (no ring)
Stlth    ++++......             (no ring)
HPRegen  0.00/turn              (no ring)
MPRegen  0.15/turn              (no ring)
                                (no ring)
                                (no ring)

@: no status effects
A: almost no armour, stealthy swim, amphibious, 8 rings, constrict 8, icy blue
scales 1, camouflage 2, mutation resistance 1, sense surroundings 1, inhibited
regeneration, strong 1, gelatinous body 1
a: Depart the Abyss, Bend Space, Banish, Renounce Religion


You were on level 14 of the Dungeon.
You worshipped Lugonu.
Lugonu was most pleased with you.
You were very hungry.

You visited 1 branch of the dungeon, and saw 15 of its levels.
You visited the Abyss 1 time.
You also visited: Ossuary.

You collected 577 gold pieces.
You spent 240 gold pieces at shops.

Inventory:

Hand Weapons
 a - a +1 falchion
 d - a +5 triple sword of freezing (weapon)
 k - a +0 dagger of speed
Missiles
 y - 2 throwing nets (quivered)
Jewellery
 s - a ring of poison resistance (left tentacle)
 E - a ring of wizardry (right tentacle)
 K - a cursed amulet of inaccuracy
Wands
 l - a wand of flame (4/48)
 r - a wand of confusion (10/48)
 w - a wand of random effects (4/48)
 C - a wand of paralysis (5/24)
 G - a wand of lightning (10/15)
 N - a wand of flame (19/48)
 P - a wand of paralysis (10/24)
 Q - a wand of lightning (0/15)
Scrolls
 g - 2 scrolls of enchant weapon {unknown}
 h - 5 scrolls of remove curse
 j - 5 scrolls of amnesia {unknown}
 n - 2 scrolls of enchant armour {unknown}
 o - 2 scrolls of fog {unknown}
 t - 4 scrolls of teleportation
 u - 11 scrolls of random uselessness
 A - 5 scrolls of noise
 B - 2 scrolls of immolation {unknown}
 I - a scroll of vulnerability {unknown}
 O - a scroll of torment {unknown}
Potions
 c - 3 potions of ambrosia
 f - 4 potions of brilliance
 m - a potion of might
 q - a potion of agility
 v - a potion of berserk rage
 z - 6 potions of degeneration
 D - 2 potions of curing
 F - 4 potions of flight
 J - 2 potions of heal wounds
 L - a potion of resistance
 M - a potion of lignification
Books
 e - a book of Air

   Spells                             Type                      Level
   a - Shock                          Conjuration/Air              1
   b - Swiftness                      Charms/Air                   2
   c - Static Discharge               Conjuration/Air              3
   d - Airstrike                      Air                          4
   e - Lightning Bolt                 Conjuration/Air              5
 p - a book of Misfortune

   Spells                             Type                      Level
   a - Confusing Touch                Hexes                        1
   b - Confuse                        Hexes                        3
   c - Gell's Gravitas                Translocation                3
   d - Petrify                        Transmutation/Earth          4
   e - Metabolic Englaciation         Hexes/Ice                    5
   f - Yara's Violent Unravelling     Hexes/Transmutation          5
Comestibles
 b - 3 bread rations
 i - 2 fruits
 x - 3 meat rations
 H - 2 royal jellies


   Skills:
 - Level 4.0 Fighting
 * Level 11.3 Long Blades
 + Level 8.4 Dodging
 - Level 2.8 Stealth
 + Level 9.1 Invocations
 - Level 8.1 Evocations


You had 10 spell levels left.
You didn't know any spells.

Dungeon Overview and Level Annotations

Branches:
Dungeon (15/15)              Lair (0/6) D:9
 Temple: D:4-7          Orc: D:9-12      Vaults: D:13-14     Depths: D:15

Altars:
Ashenzari
Qazlal
Ru
Vehumet

Shops:
D:5 ?   D:10 *!   D:14 ::

Portals:
Trove: D:10 (give +6 demon whip)

Annotations:
D:6 Pikel
D:7 Joseph
D:12 Urug


Innate Abilities, Weirdness & Mutations

You cannot wear most types of armour.
You are very stealthy in the water. (Stealth+)
You are amphibious.
You can wear up to eight rings at the same time.
You can use your tentacles to constrict eight enemies at once.
Your skin blends seamlessly with your surroundings (Stealth++).
Your rubbery body absorbs attacks. (AC +1, EV +1)
You are partially covered in icy blue scales. (AC +2)
You are somewhat resistant to further mutation.
You passively map a small area around you.
You do not regenerate when monsters are visible.
Your muscles are strong. (Str +2)


Message History

Unknown command.
Unknown command.
Press: ? - help, Shift-Dir - straight line, f - vampire mosquito
Aim: a vampire mosquito (chance to defeat MR: 86%)
Okay, then.
You miss the vampire mosquito. You grab the vampire mosquito.
You constrict the vampire mosquito. The vampire mosquito bites you!
* * * LOW HITPOINT WARNING * * *
The vampire mosquito draws strength from your injuries!
The vampire mosquito misses you.
Unknown command.
Unknown command.
Unknown command.
Press: ? - help, Shift-Dir - straight line, f - vampire mosquito
Aim: a vampire mosquito (constricted by you, chance to defeat MR: 86%)
The vampire mosquito is devoured by a tear in reality.
Lugonu claims a new guest.
You lose your grip on the vampire mosquito.
You feel somewhat more hungry. The vampire mosquito bites you!
You die...

....# #################
*....# ..........##....#
##....# #######.###..##.#
##.....#
###.....##..###.######......#
....###............y.y.#....#
#.### #........#.########y###
* #........#y# *.#
#.....⌠.⌠#@### #
...,.........∩.#...## ,
.#.#........⌠.⌠#.#..## *
.................##..## *
.###...........#####..# , .#
c...........# ##.## , .#,
...........# #..#*, ...,
.#..##..### ##.# ... ##.*#..
#.# ,


You could see a vampire mosquito.

Vanquished Creatures
  A two-headed ogre (D:10)
  An ugly thing (D:11)
  A manticore (D:14)
  2 centaur zombies
  Maurice (D:9)
  3 kobold demonologists (D:14)
  2 hippogriffs
  A yak (D:11)
  A basilisk (D:14)
  Menkaure (D:4)
  A soldier ant (D:14)
  2 acid dragons
  2 orc warriors
  3 ice beasts
  A sky beast (D:5)
  An eye of draining (D:14)
  3 ogres
  2 necrophages
  A centaur (D:10)
  A crocodile (D:13)
  3 bullfrogs
  2 big kobolds
  2 gnoll sergeants
  4 scorpions
  5 killer bees (D:11)
  4 wights (D:11)
  5 howler monkeys
  A crimson imp (D:10)
  A jelly (D:9)
  7 hounds
  2 orc wizards
  2 orc priests
  4 centaur skeletons
  3 worker ants
  3 iguanas
  Ijyb (D:4)
  6 mummies (Ossuary)
  A worker ant zombie (D:6)
  19 gnolls
  10 adders
  2 shadow imps
  An adder skeleton (D:9)
  2 worms
  A dart slug (D:2)
  3 leopard geckos
  17 orcs
  3 ball pythons
  A giant cockroach (D:1)
  6 goblins
  4 hobgoblins
  2 jackals (D:4)
  4 quokkas
  7 bats
  4 frilled lizards
  18 kobolds
  5 rats
196 creatures vanquished.

Vanquished Creatures (others)
  2 two-headed ogres
  A tengu warrior (D:15)
  3 ugly things (D:14)
  A gargoyle (D:14)
  A vampire mosquito (D:14)
  An acid dragon (D:15)
9 creatures vanquished.

Grand Total: 205 creatures vanquished

Notes
Turn   | Place    | Note
-------+----------+-------------------------------------------
     0 | Abyss:1  | 4thArraOfDagon the Octopode Abyssal Knight began the quest for the Orb.
     0 | Abyss:1  | Reached XP level 1. HP: 16/16 MP: 2/2
    47 | Abyss:1  | Noticed a tentacled starspawn
    53 | Abyss:1  | Noticed an ancient zyme
    61 | Abyss:1  | Noticed a large abomination
    80 | Abyss:1  | Noticed an iron imp
    80 | Abyss:1  | Noticed a large abomination
   104 | Abyss:2  | Noticed a tyrant leech
   104 | Abyss:2  | Noticed a thrashing horror
   105 | D:1      | Escaped the Abyss
   327 | D:1      | Reached XP level 2. HP: 18/21 MP: 3/3
   328 | D:1      | Reached * piety under Lugonu
   453 | D:2      | Found a shattered altar of Ashenzari.
   469 | D:2      | Gained mutation: You are surrounded by a mild repulsion field. (EV +2) [potion of mutation]
   469 | D:2      | Gained mutation: You evolve. [potion of mutation]
   474 | D:2      | Reached XP level 3. HP: 8/26 MP: 4/4
   799 | D:2      | Found a radiant altar of Vehumet.
   893 | D:3      | Lost mutation: You are surrounded by a mild repulsion field. (EV +2) [potion of mutation]
   893 | D:3      | Lost mutation: You evolve. [potion of mutation]
   893 | D:3      | Gained mutation: You are partially covered in slimy green scales. (AC +2) [potion of mutation]
   893 | D:3      | Gained mutation: Scrolls take you a little longer to read. [potion of mutation]
   893 | D:3      | Gained mutation: You are robust. (+10% HP) [potion of mutation]
   893 | D:3      | Gained mutation: Your system is resistant to poisons. (rPois) [potion of mutation]
   918 | D:3      | Reached skill level 1 in Stealth
   998 | D:3      | Reached XP level 4. HP: 27/34 MP: 5/5
  1022 | D:3      | Found a sacrificial altar of Ru.
  1253 | D:4      | Reached skill level 3 in Long Blades
  1323 | D:5      | Entered Level 5 of the Dungeon
  1326 | D:5      | Reached ** piety under Lugonu
  1337 | D:4      | Noticed Ijyb
  1350 | D:4      | Killed Ijyb
  1350 | D:4      | Reached XP level 5. HP: 35/39 MP: 7/7
  1362 | D:5      | Found Gofusat's Magic Scroll Emporium.
  1365 | D:5      | Bought a scroll of magic mapping for 45 gold pieces
  1365 | D:5      | Bought a scroll of teleportation for 39 gold pieces
  1365 | D:5      | Bought a scroll of identify for 26 gold pieces
  1382 | D:5      | Noticed a sky beast
  1449 | D:5      | Found a sand-covered staircase.
  1454 | Ossuary  | Entered an ossuary
  1535 | Ossuary  | Reached XP level 6. HP: 32/47 MP: 8/8
  1741 | D:6      | Noticed a slave
  1741 | D:6      | Noticed a slave
  1742 | D:6      | Noticed a slave
  1745 | D:6      | Noticed Pikel
  1745 | D:6      | Identified a scroll of acquirement
  1746 | D:6      | Noticed a slave
  1794 | D:5      | Reached skill level 4 in Long Blades
  1810 | D:5      | Killed a sky beast
  1810 | D:5      | Reached XP level 7. HP: 35/52 MP: 9/9
  1832 | D:5      | Bought a scroll of noise for 13 gold pieces
  2003 | D:4      | Noticed Menkaure
  2008 | D:4      | Killed Menkaure
  2008 | D:4      | Reached skill level 5 in Long Blades
  2358 | D:2      | Lost mutation: Scrolls take you a little longer to read. [potion of mutation]
  2358 | D:2      | Lost mutation: You are robust. (+10% HP) [potion of mutation]
  2358 | D:2      | Gained mutation: You are frail. (-10% HP) [potion of mutation]
  2358 | D:2      | Gained mutation: Your muscles are strong. (Str +2) [potion of mutation]
  2359 | D:2      | Lost mutation: You are frail. (-10% HP) [potion of mutation]
  2359 | D:2      | Lost mutation: Your muscles are strong. (Str +2) [potion of mutation]
  2359 | D:2      | Lost mutation: You are partially covered in slimy green scales. (AC +2) [potion of mutation]
  2359 | D:2      | Lost mutation: Your system is resistant to poisons. (rPois) [potion of mutation]
  2359 | D:2      | Gained mutation: You passively map a small area around you. [potion of mutation]
  2359 | D:2      | Gained mutation: Your muscles are strong. (Str +2) [potion of mutation]
  2359 | D:2      | Gained mutation: Your skin blends seamlessly with your surroundings (Stealth++). [potion of mutation]
  2359 | D:2      | Gained mutation: You are surrounded by a mild repulsion field. (EV +2) [potion of mutation]
  2804 | D:6      | Found a stormy altar of Qazlal.
  3055 | D:7      | Reached XP level 8. HP: 31/54 MP: 11/11
  3056 | D:7      | Reached skill level 6 in Long Blades
  3082 | D:7      | Noticed Joseph
  3331 | D:8      | Reached *** piety under Lugonu
  3353 | D:9      | Reached skill level 5 in Dodging
  3353 | D:9      | Reached skill level 5 in Invocations
  3460 | D:9      | Noticed Maurice
  3474 | D:9      | Killed Maurice
  3474 | D:9      | Reached skill level 7 in Long Blades
  3481 | D:9      | Reached XP level 9. HP: 48/58 MP: 13/13
  3514 | D:9      | Found a staircase to the Lair.
  3549 | D:9      | Reached skill level 8 in Long Blades
  3552 | D:9      | Paralysed by a gnoll for 4 turns
  3890 | D:9      | Found a sacrificial altar of Ru.
  3890 | D:9      | Found a radiant altar of Vehumet.
  3932 | D:10     | Entered Level 10 of the Dungeon
  4074 | D:10     | Found Binu's Distillery.
  4083 | D:10     | Bought a potion of lignification for 36 gold pieces
  4083 | D:10     | Bought a potion of heal wounds for 60 gold pieces
  4101 | D:10     | Found Jaegang's Assorted Antiques.
  4104 | D:10     | Bought a scroll labeled URELITA REBABEL for 21 gold pieces
  4368 | D:10     | Reached skill level 9 in Long Blades
  4382 | D:10     | Reached XP level 10. HP: 55/63 MP: 15/15
  4391 | D:10     | Noticed a two-headed ogre
  4410 | D:9      | Noticed a two-headed ogre
  4424 | D:10     | Killed a two-headed ogre
  4424 | D:10     | Reached skill level 5 in Evocations
  4495 | D:10     | Found a portal to a secret trove of treasure.
  4651 | D:11     | Reached **** piety under Lugonu
  4930 | D:11     | Noticed a green ugly thing
  4938 | D:11     | Killed a green ugly thing
  4943 | D:11     | Gained mutation: You do not regenerate when monsters are visible. [mutagenic meat]
  4944 | D:11     | Gained mutation: You are frail. (-10% HP) [mutagenic meat]
  4949 | D:11     | Lost mutation: You are frail. (-10% HP) [potion of mutation]
  4949 | D:11     | Lost mutation: You are surrounded by a mild repulsion field. (EV +2) [potion of mutation]
  4949 | D:11     | Gained mutation: You are partially covered in icy blue scales. (AC +2) [potion of mutation]
  4949 | D:11     | Gained mutation: You are somewhat resistant to further mutation. [potion of mutation]
  5126 | D:11     | Reached skill level 10 in Long Blades
  5623 | D:11     | Noticed a cyclops
  5740 | D:12     | Noticed Urug
  5776 | D:13     | Noticed a manticore
  5792 | D:13     | Reached XP level 11. HP: 67/67 MP: 17/17
  5819 | D:14     | Found Soneom's Book Shop.
  6178 | D:14     | Noticed a two-headed ogre
  6191 | D:14     | Banished a two-headed ogre
  6209 | D:15     | Entered Level 15 of the Dungeon
  6209 | D:15     | Noticed a two-headed ogre
  6210 | D:15     | Banished a two-headed ogre
  6229 | D:15     | Noticed a tengu warrior
  6238 | D:15     | Banished a tengu warrior
  6420 | D:14     | Found Mosaoram's Book Boutique.
  6438 | D:14     | Reached skill level 11 in Long Blades
  6468 | D:14     | Noticed a red ugly thing
  6469 | D:14     | Noticed a red ugly thing
  6471 | D:14     | Banished a red ugly thing
  6472 | D:14     | Banished a red ugly thing
  6473 | D:14     | Noticed a red ugly thing
  6475 | D:14     | Banished a red ugly thing
  6537 | D:15     | Noticed a deep elf mage
  6537 | D:15     | Noticed a red ugly thing
  6537 | D:15     | Noticed a red ugly thing
  6539 | D:15     | Noticed a red ugly thing
  6568 | D:14     | Noticed a purple ugly thing
  6568 | D:14     | Noticed a purple ugly thing
  6601 | D:14     | Noticed a manticore
  6604 | D:14     | Killed a manticore
  6615 | D:14     | Slain by a vampire mosquito

Vault maps used:
D:1:      kilobyte_arrival_exit_the_forest, minmay_heptomino_o4
D:2:      lemuel_crystal_altar, kennysheep_cross_room, minmay_misc_feat_pillars,
          lemuel_statue_altar
D:3:      nicolae_ru_great_annihilating_truth
D:4:      uniq_menkaure, uniq_ijyb
D:5:      enter_ossuary_2, serial_shops, nicolae_shop_behind_doors, first_bread
D:6:      lemuel_coloured_pillars_altar, basic_altar, uniq_grinder, uniq_pikel
D:7:      lemuel_doored_altar, amethyst_overflow_temple_binary,
          minmay_temple_entry_statues_fountains, grunt_livestock, uniq_joseph
D:8:      fedhas_altar_2, kennysheep_little_box, small_chamber_with_monster
D:9:      gammafunk_temple_overflow_elements, dpeg_oklobed_lair, uniq_maurice
D:10:     nicolae_trove_entry_crossroad, serial_shops,
          nicolae_shop_behind_doors, shop_fountains
D:12:     kennysheep_six_static_rooms, hiddenorc2_lemuel,
          nemelex_diamond_rough_becter, uniq_urug
D:14:     david_vaults_2, nicolae_gozag_zags_fifth_avenue, serial_shops,
          shop_fountains, shop, nicolae_shop_crystal
D:15:     grunt_enter_depths_snipers, grunt_decor_one_mirror
Abyss:1:  hangedman_cross_veins
Abyss:2:  hangedman_stitches_earthworm
Ossuary:  ossuary_crypta

Skill      XL: |  1  2  3  4  5  6  7  8  9 10 11 |
---------------+----------------------------------+-----
Stealth        | 2 |  2.8
Long Blades    | 3 4 5 7 9 10 11 | 11.3
Dodging        | 3 4 5 6 7 8 |  8.4
Invocations    | 3 4 5 7 8 9 |  9.1
Fighting       | 4 |  4.0
Evocations     | 4 7 8 |  8.1

Action                   |  1- 3 |  4- 6 |  7- 9 | 10-12 || total
-------------------------+-------+-------+-------+-------++-------
Melee: Falchion          |    48 |    60 |       |       ||   108
       Constrict         |    18 |    16 |    24 |    35 ||    93
       Tentacles         |     3 |    17 |    21 |    33 ||    74
       Triple sword      |       |     3 |   129 |   137 ||   269
Invok: Depart the Abyss  |     1 |       |       |       ||     1
       Banish            |       |       |       |    11 ||    11
Evoke: Wand              |       |     9 |     2 |    10 ||    21
  Use: Potion            |     3 |       |     7 |     1 ||    11
       Scroll            |     3 |    12 |     2 |     3 ||    20
 Stab: Sleeping          |     6 |     7 |    10 |    13 ||    36
       Confused          |       |     2 |       |     1 ||     3
       Paralysed         |       |     2 |       |     3 ||     5
  Eat: Chunk             |       |     2 |     9 |    11 ||    22
       Fruit             |       |       |       |     3 ||     3
Armor: Skin              |     6 |     3 |    18 |     9 ||    36
Dodge: Dodged            |    48 |    32 |   102 |   107 ||   289
       Rpst.: Falchion   |    15 |     9 |       |       ||    24
       Triple sword      |       |       |    24 |    30 ||    54
